 Dungeon Crawl Stone Soup version 0.16.0-12-g7215832 (webtiles) character file.

31 RobertPalmer the Gusty (level 3, 0/21 HPs)
             Began as an Octopode Air Elementalist on Mar 18, 2015.
             Slain by a goblin (2 damage)
             ... led by Robin
             ... on level 2 of the Dungeon.
             The game lasted 00:03:49 (1500 turns).

RobertPalmer the Gusty (Octopode Air Elementalist)  Turns: 1500, Time: 00:03:50

Health: 0/21       AC:  1    Str:  7    XL:     3   Next: 22%
Magic:  6/6        EV: 12    Int: 17    God:
Gold:   36         SH:  0    Dex: 13    Spells: 2 memorised, 3 levels left

rFire  . . .     SeeInvis .     d - +0 dagger
rCold  . . .     Clarity  .     (no shield)
rNeg   . . .     SustAb   .     (helmet restricted)
rPois  .         Gourm    .     (no amulet)
rElec  .         Spirit   .     (no ring)
rCorr  .         Warding  .     (no ring)
rMut   .         Stasis   .     (no ring)
MR     .....                    (no ring)
Stlth  +++.......               (no ring)
                                (no ring)
                                (no ring)
                                (no ring)

@: repel missiles, not resistant to hostile enchantments, fairly stealthy
A: almost no armour, amphibious, 8 rings, constrict 8, camouflage 1, gelatinous
body 1
a: no special abilities


You were on level 2 of the Dungeon.
You were not hungry.

You visited 1 branch of the dungeon, and saw 2 of its levels.

You collected 36 gold pieces.

Inventory:

Hand weapons
 d - a +0 dagger (weapon)
   (You took it off a kobold on level 1 of the Dungeon)
Missiles
 e - 4 curare-tipped needles
Scrolls
 a - 2 scrolls of enchant weapon {unknown}
 h - a scroll of magic mapping {unknown}
Books
 b - a book of Air
Comestibles
 c - 2 bread rations {@e1}
 f - a chunk of flesh {@w0}
 g - a meat ration {@e2}
 i - a slice of pizza


   Skills:
 - Level 2.0 Dodging
 - Level 2.6 Stealth
 - Level 2.0 Spellcasting
 + Level 3.0 Conjurations
 - Level 3.0 Air Magic


You had 3 spell levels left.
You knew the following spells:

 Your Spells              Type           Power        Failure   Level  Hunger
a - Shock                 Conj/Air       ##..         6%          1    #......
d - Repel Missiles        Chrm/Air       #.....       17%         2    ###....


Dungeon Overview and Level Annotations

Branches:
Dungeon (2/15)

Altars:

Annotations:
D:2 Robin


Innate Abilities, Weirdness & Mutations

You cannot wear most types of armour.
You are amphibious.
You can wear up to eight rings at the same time.
You can use your tentacles to constrict many enemies at once.
Your skin changes colour to match your surroundings (Stealth).
Your rubbery body absorbs attacks (AC +1).


Message History

You start resting.
A bat comes into view.
A bat is nearby!
You regained 7 hp, and now have 18/21 hp.
MP restored: 6 The bat hits you but does no damage.
You closely miss the bat. You grab the bat.
You constrict the bat, but do no damage.
The bat hits you but does no damage.
The bat struggles to escape constriction. x2
You barely miss the bat. You constrict the bat. The bat barely misses you.
The bat struggles to escape constriction. x2
You hit the bat.
You kill the bat!
No target in view!
Things that are here:
a club; a hobgoblin skeleton
Things that are here:
a club; a hobgoblin skeleton Some of the chunks of flesh in your inventory have rotted away.
Found a stone staircase leading down.
h - a scroll labeled EROFRENW STEN Health restored: 21
There is a stone staircase leading down here.
i - a slice of pizza
c - 2 bread rations {@e1} (gained 1) Done exploring.
Done exploring.
Done exploring.
Done exploring.
(D) Dungeon
Where to? (? - help) Eating one of 3 chunks of flesh {@w0}.
You continue eating. x2
There is a stone staircase leading down here.
You climb downwards. 10 goblins, 2 hobgoblins and Robin come into view.
The hobgoblin shouts!
The goblin shouts!
Found a stone staircase leading up.
There is a stone staircase leading up here.
The goblin shouts! x4
Robin shouts!
The goblin shouts!
The goblin moves out of view.
The goblin hits you with an enchanted dagger.
The goblin hits you with a club.
The goblin shouts! x2
The hobgoblin shouts!
The goblin shouts!
The goblin shouts!
You climb upwards.
There is a stone staircase leading down here.
You take 7 damage, and have 14/21 hp.
MASSIVE DAMAGE!!
The bat hits you. The bat hits you but does no damage.
You take 1 damage, and have 13/21 hp.
The bat hits you but does no damage.
You hit the bat.
You kill the bat!
No target in view!
You see here a bat corpse.
You butcher the bat corpse.
f - 3 chunks of flesh {@w0} (gained 1)
You start resting.
Some of the chunks of flesh in your inventory have rotted away.
You regained 7 hp, and now have 20/21 hp.
You see here a +0 club.
You see here a stone.
There is a stone staircase leading down here.
Health restored: 21 You climb downwards.
Level annotation: Robin The goblin hits you with a club.
Robin says, "Bow before me, strongest of all the hobgoblins!"
Robin roars a battlecry!
The goblins go into a battle-frenzy!
The goblin hits you with a club.
There is a stone staircase leading up, spattered with blood here.
You take 5 damage, and have 16/21 hp.
MASSIVE DAMAGE!!
Read which item? (? for menu, Esc to quit)
Okay, then.
Robin throws the goblin at you! The goblin barely misses you.
The goblin hits you with an enchanted dagger.
The goblin barely misses you.
You hit the goblin.
You kill the goblin!
The goblin completely misses you.
Robin flexes a bicep menacingly.
Robin roars a battlecry!
The goblin goes into a battle-frenzy!
The goblin hits you with an enchanted dagger.
The goblin barely misses you.
You take 7 damage, and have 9/21 hp.
MASSIVE DAMAGE!!
The goblin misses you. Robin throws the goblin at you!
You see here a goblin corpse.
The goblin hits you.
* * * LOW HITPOINT WARNING * * *
You take 7 damage, and have 2/21 hp.
MASSIVE DAMAGE!!
The goblin hits you.
You die...

### ..# #.# ###
#.# .. #.# .####
##+#@#+#.#....
#..ggg........
#..g†.........
....#..ggggg..###
#.....<.g#.##
#.....g.g........
#..........####.
#...###...l...
..... +.......


You could see Robin, a giant gecko, 2 hobgoblins and 9 goblins.

Vanquished Creatures
  An ooze (D:1)
  2 giant cockroaches (D:1)
  4 hobgoblins (D:1)
  2 jackals (D:1)
  2 bats (D:1)
  A giant newt (D:1)
  2 goblins
  7 kobolds (D:1)
  7 rats (D:1)
28 creatures vanquished.

Notes
Turn   | Place    | Note
--------------------------------------------------------------
     0 | D:1      | RobertPalmer, the Octopode Air Elementalist, began the quest for the Orb.
     0 | D:1      | Reached XP level 1. HP: 11/11 MP: 3/3
    85 | D:1      | HP: 1/11 [kobold/dagger (6)]
   467 | D:1      | Reached skill level 2 in Conjurations
   467 | D:1      | Reached XP level 2. HP: 17/17 MP: 1/4
   576 | D:1      | Learned a level 2 spell: Repel Missiles
  1042 | D:1      | Reached XP level 3. HP: 14/21 MP: 6/6
  1148 | D:1      | Reached skill level 3 in Conjurations
  1364 | D:2      | Noticed Robin
  1499 | D:2      | HP: 2/21 [goblin[Robin] (5)]
  1500 | D:2      | Slain by a goblin

Action                   || total
-------------------------++-------
Melee: Dagger            ||    40
       Club              ||     3
       Unarmed           ||     1
 Cast: Shock             ||    10
       Repel Missiles    ||     1
 Stab: Sleeping          ||     1
       Distracted        ||     1
  Eat: Chunk             ||     2

Vault maps used:
D:1:      sevenhm_arrival_forest_fort_large_2, minmay_misc_feat_encased
D:2:      fiery_altar_vehumet, minmay_misc_feat_columns, uniq_robin,
          uniq_jessica

Table legend:
 A = Turns spent in this place as a percentage of turns spent in the entire game.
 B = Non-inter-level travel turns spent in this place as a percentage of non-inter-level travel turns spent in the entire game.
 C = Inter-level travel turns spent in this place as a percentage of turns spent in this place.
 D = Turns resting spent in this place as a percentage of non-inter-level travel turns spent in this place.
 E = Turns spent auto-exploring this place as a percentage of non-inter-level travel turns spent in this place.
 F = Non-inter-level travel turns spent in this place divided by the number of levels of this place that you've seen.
                   A       B       C       D       E      F
               +-------+-------+-------+-------+-------+----------------------
         Total | 100.0 | 100.0 |   0.5 |   4.7 |   5.2 | 181.0
       Dungeon | 100.0 | 100.0 |   0.5 |   4.7 |   5.2 | 181.0
               +-------+-------+-------+-------+-------+----------------------

Table legend:
 A = Kills in this place as a percentage of kills in entire the game.
 B = Kills by you in this place as a percentage of kills by you in the entire game.
 C = Kills by friends in this place as a percentage of kills by friends in the entire game.
 D = Other kills in this place as a percentage of other kills in the entire game.
 E = Experience gained in this place as a percentage of experience gained in the entire game.
 F = Experience gained in this place divided by the number of levels of this place that you have seen.
                   A       B       C       D       E      F
               +-------+-------+-------+-------+-------+----------------------
         Total | 100.0 | 100.0 |  -nan |  -nan | 100.0 |  22.5
       Dungeon | 100.0 | 100.0 |  -nan |  -nan | 100.0 |  22.5
               +-------+-------+-------+-------+-------+----------------------
